General information
- name: BNet
- type: Ladder team game (AT/RT)
- host: Battle.net
- saver: MrFrosty
map: UpperKingdom
- players: 6
- length: 55:01
- speed: Fast
- version: 1.23 W3XP
- replay type: Public
» download(381 KB)
Players
team 1 (winner)
FedEx (
purple | 69 APM | 3803 actions | 54:59)
5 Blademaster
3 Wind Walk
2 Critical Strike
5 Shadow Hunter
2 Hex
3 Healing Wave
» actions
| Assign group hotkey | 9 | |
| Basic commands | 175 | |
| Build / train | 70 | |
| ESC pressed | 3 | |
| Enter build submenu | 67 | |
| Enter hero's abilities submenu | 10 | |
| Give item / drop item | 2 | |
| Right click | 2161 | |
| Select / deselect | 644 | |
| Select group hotkey | 330 | |
| Use ability | 332 | |
3803 total
» units
» upgrades
| Ranged Weapons | 3 | |
| Liquid Fire | 1 | |
4 total
» buildings
| Altar of Storms | 1 | |
| Orc Burrow | 4 | |
| War Mill | 1 | |
| Voodoo Lounge | 2 | |
| Watch Tower | 61 | |
| Stronghold | 2 | |
| Fortress | 3 | |
| Beastiary | 2 | |
| Great Hall | 1 | |
77 total
» build order
00:02 Altar of Storms
00:04 Orc Burrow
00:59 War Mill
01:12 Voodoo Lounge
01:55 Orc Burrow
02:18 Watch Tower
02:43 Watch Tower
03:30 Watch Tower
03:50 Watch Tower
03:58 Watch Tower
04:19 Stronghold
04:19 Stronghold
04:53 Watch Tower
05:13 Watch Tower
05:16 Watch Tower
06:06 Watch Tower
06:23 Watch Tower
06:25 Watch Tower
06:40 Fortress
06:40 Fortress
06:40 Fortress
06:43 Beastiary
07:12 Watch Tower
08:16 Watch Tower
08:20 Orc Burrow
09:20 Watch Tower
09:30 Voodoo Lounge
09:39 Watch Tower
09:47 Watch Tower
10:00 Beastiary
10:23 Watch Tower
10:34 Watch Tower
11:39 Watch Tower
11:42 Watch Tower
11:43 Watch Tower
11:48 Watch Tower
12:09 Watch Tower
12:50 Watch Tower
12:55 Watch Tower
13:53 Orc Burrow
15:23 Watch Tower
15:25 Watch Tower
19:10 Watch Tower
19:13 Watch Tower
19:14 Watch Tower
20:46 Watch Tower
20:47 Watch Tower
20:48 Watch Tower
20:49 Watch Tower
20:49 Watch Tower
22:18 Watch Tower
25:15 Watch Tower
25:16 Watch Tower
25:17 Watch Tower
27:49 Watch Tower
27:50 Watch Tower
27:51 Watch Tower
27:52 Watch Tower
27:52 Watch Tower
27:53 Watch Tower
29:04 Watch Tower
29:05 Watch Tower
29:08 Watch Tower
29:09 Watch Tower
29:11 Watch Tower
29:21 Watch Tower
30:08 Great Hall
30:14 Watch Tower
30:15 Watch Tower
30:17 Watch Tower
30:21 Watch Tower
32:30 Watch Tower
32:33 Watch Tower
32:35 Watch Tower
32:36 Watch Tower
32:37 Watch Tower
34:55 Watch Tower
» items
| Healing Salve | 3 | |
| Orb of Lightning | 2 | |
| Lesser Clarity Potion | 1 | |
| Potion of Mana | 1 | |
| Potion of Healing | 1 | |
| Staff of Sanctuary | 1 | |
9 total
kunt.roII (
green | 112 APM | 6186 actions | 54:59)
7 Archmage
3 Blizzard
3 Brilliance Aura
1 Mass Teleport
6 Blood Mage
3 Flame Strike
1 Siphon Mana
1 Banish
1 Summon Phoenix
5 Dark Ranger
3 Silence
2 Life Drain
» actions
| Assign group hotkey | 40 | |
| Basic commands | 255 | |
| Build / train | 158 | |
| ESC pressed | 11 | |
| Enter build submenu | 73 | |
| Enter hero's abilities submenu | 18 | |
| Give item / drop item | 15 | |
| Right click | 2421 | |
| Select / deselect | 484 | |
| Select group hotkey | 2289 | |
| Use ability | 421 | |
6186 total
» units
| Peasant | 26 | |
| Blue Dragonspawn Meddler | 1 | |
| Polar Furbolg Shaman | 1 | |
| Barbed Arachnathid | 3 | |
| Sorceress | 3 | |
| Priest | 5 | |
| Magnataur Warrior | 1 | |
| Siege Engine | 4 | |
| Mortar Team | 8 | |
52 total
» upgrades
| Masonry | 3 | |
| Magic Sentry | 1 | |
| Sorceress Training | 3 | |
| Priest Training | 2 | |
| Backpack | 1 | |
| Lumber Harvesting | 1 | |
| Plating | 3 | |
| Gunpowder | 3 | |
| Fragmentation Shards | 1 | |
| Flare | 1 | |
19 total
» buildings
| Altar of Kings | 1 | |
| Farm | 17 | |
| Scout Tower | 93 | |
| Lumber Mill | 1 | |
| Arcane Tower | 7 | |
| Guard Tower | 27 | |
| Keep | 3 | |
| Arcane Sanctum | 1 | |
| Castle | 2 | |
| Arcane Vault | 2 | |
| Town Hall | 1 | |
| Blacksmith | 2 | |
| Workshop | 4 | |
161 total
» build order
00:14 Altar of Kings
00:33 Farm
01:05 Farm
01:14 Scout Tower
01:32 Lumber Mill
01:35 Farm
01:56 Arcane Tower
02:11 Farm
02:34 Scout Tower
02:51 Scout Tower
03:14 Guard Tower
03:32 Scout Tower
03:33 Guard Tower
03:33 Guard Tower
03:54 Scout Tower
04:25 Keep
04:26 Keep
04:27 Guard Tower
04:39 Scout Tower
05:19 Scout Tower
05:46 Guard Tower
05:47 Scout Tower
05:48 Scout Tower
05:49 Scout Tower
06:57 Arcane Sanctum
07:32 Castle
07:35 Guard Tower
07:35 Guard Tower
07:38 Scout Tower
07:39 Scout Tower
08:04 Scout Tower
08:05 Scout Tower
08:06 Scout Tower
08:31 Arcane Tower
08:34 Scout Tower
08:36 Scout Tower
08:37 Scout Tower
08:37 Scout Tower
08:41 Arcane Tower
09:18 Arcane Tower
10:01 Arcane Tower
10:35 Scout Tower
10:36 Scout Tower
10:38 Scout Tower
10:48 Scout Tower
10:48 Scout Tower
10:49 Scout Tower
10:50 Scout Tower
11:19 Farm
11:44 Farm
11:45 Farm
11:47 Guard Tower
13:28 Guard Tower
13:28 Guard Tower
13:31 Scout Tower
13:32 Scout Tower
13:33 Scout Tower
13:33 Scout Tower
14:20 Guard Tower
14:23 Arcane Vault
14:24 Arcane Vault
15:38 Guard Tower
18:07 Scout Tower
18:07 Scout Tower
18:07 Scout Tower
18:08 Scout Tower
18:08 Scout Tower
18:09 Scout Tower
19:23 Scout Tower
19:23 Scout Tower
19:24 Scout Tower
19:24 Scout Tower
19:27 Scout Tower
19:27 Scout Tower
20:59 Guard Tower
21:00 Guard Tower
21:06 Farm
21:13 Farm
22:20 Guard Tower
22:23 Scout Tower
22:24 Scout Tower
22:24 Scout Tower
22:25 Scout Tower
22:26 Scout Tower
22:27 Scout Tower
24:29 Town Hall
24:56 Guard Tower
27:34 Scout Tower
27:35 Scout Tower
27:35 Scout Tower
27:40 Scout Tower
27:41 Scout Tower
27:42 Scout Tower
27:42 Scout Tower
27:54 Scout Tower
27:55 Scout Tower
27:56 Scout Tower
27:57 Scout Tower
27:59 Scout Tower
28:00 Scout Tower
28:01 Scout Tower
28:03 Scout Tower
28:03 Scout Tower
28:04 Scout Tower
28:04 Scout Tower
28:06 Scout Tower
28:06 Scout Tower
28:07 Scout Tower
28:08 Scout Tower
28:08 Scout Tower
28:09 Scout Tower
28:09 Scout Tower
28:10 Scout Tower
28:12 Scout Tower
28:13 Scout Tower
28:13 Scout Tower
28:14 Scout Tower
28:15 Scout Tower
28:15 Scout Tower
28:39 Guard Tower
29:04 Guard Tower
29:05 Scout Tower
29:06 Scout Tower
29:06 Scout Tower
29:07 Scout Tower
29:11 Guard Tower
32:19 Guard Tower
32:22 Scout Tower
32:23 Scout Tower
32:32 Arcane Tower
32:34 Guard Tower
32:35 Guard Tower
35:34 Scout Tower
35:34 Scout Tower
35:35 Scout Tower
35:35 Scout Tower
35:36 Scout Tower
35:36 Scout Tower
35:37 Guard Tower
36:59 Guard Tower
37:02 Guard Tower
40:20 Blacksmith
41:18 Blacksmith
41:39 Workshop
41:42 Workshop
41:44 Workshop
41:46 Workshop
42:34 Farm
42:35 Farm
42:35 Farm
42:36 Farm
42:37 Farm
42:38 Farm
42:39 Farm
42:39 Farm
» items
| Healing Salve | 3 | |
| Scroll of Speed | 3 | |
| Lesser Clarity Potion | 2 | |
| Scroll of Town Portal | 7 | |
| Staff of Sanctuary | 3 | |
| Orb of Fire | 1 | |
| Orb of Lightning | 3 | |
| Potion of Healing | 1 | |
| Scroll of Regeneration | 2 | |
25 total
MrFrosty (
blue | 83 APM | 4543 actions | 55:01)
7 Archmage
3 Blizzard
3 Brilliance Aura
1 Mass Teleport
6 Blood Mage
3 Flame Strike
1 Banish
1 Siphon Mana
1 Summon Phoenix
6 Mountain King
3 Storm Bolt
3 Bash
» actions
| Assign group hotkey | 27 | |
| Basic commands | 115 | |
| Build / train | 137 | |
| Enter build submenu | 69 | |
| Enter hero's abilities submenu | 19 | |
| Give item / drop item | 7 | |
| Remove unit from queue | 1 | |
| Right click | 2083 | |
| Select / deselect | 801 | |
| Select group hotkey | 883 | |
| Use ability | 400 | |
4543 total
» units
| Peasant | 26 | |
| Priest | 2 | |
| Sorceress | 3 | |
| Barbed Arachnathid | 1 | |
| Mortar Team | 4 | |
36 total
» upgrades
| Masonry | 3 | |
| Lumber Harvesting | 2 | |
| Magic Sentry | 1 | |
| Sorceress Training | 2 | |
| Priest Training | 2 | |
| Backpack | 1 | |
| Gunpowder | 3 | |
| Fragmentation Shards | 1 | |
| Flare | 1 | |
| Armor | 1 | |
17 total
» buildings
| Altar of Kings | 1 | |
| Farm | 10 | |
| Scout Tower | 93 | |
| Lumber Mill | 1 | |
| Arcane Tower | 12 | |
| Guard Tower | 27 | |
| Keep | 1 | |
| Arcane Vault | 1 | |
| Arcane Sanctum | 1 | |
| Town Hall | 3 | |
| Castle | 1 | |
| Blacksmith | 1 | |
| Workshop | 3 | |
155 total
» build order
00:05 Altar of Kings
00:19 Farm
00:23 Scout Tower
00:44 Lumber Mill
00:52 Arcane Tower
01:24 Farm
01:47 Scout Tower
02:16 Guard Tower
02:19 Farm
03:15 Scout Tower
03:19 Farm
03:21 Keep
03:38 Scout Tower
03:44 Guard Tower
04:34 Arcane Tower
04:36 Scout Tower
04:42 Arcane Vault
05:02 Scout Tower
05:13 Guard Tower
05:39 Guard Tower
05:52 Arcane Sanctum
07:01 Scout Tower
07:40 Scout Tower
07:40 Scout Tower
07:42 Scout Tower
07:43 Scout Tower
07:52 Guard Tower
09:03 Scout Tower
09:04 Scout Tower
09:04 Scout Tower
09:05 Scout Tower
09:08 Arcane Tower
09:09 Guard Tower
09:17 Scout Tower
09:20 Scout Tower
09:21 Scout Tower
09:22 Scout Tower
09:22 Scout Tower
09:36 Farm
09:57 Arcane Tower
09:58 Guard Tower
10:01 Scout Tower
10:38 Guard Tower
10:39 Guard Tower
11:16 Guard Tower
11:32 Farm
11:36 Scout Tower
11:37 Scout Tower
11:37 Scout Tower
12:00 Scout Tower
12:00 Scout Tower
12:02 Scout Tower
12:13 Guard Tower
12:15 Arcane Tower
12:48 Arcane Tower
12:52 Town Hall
12:54 Guard Tower
13:00 Scout Tower
13:01 Scout Tower
13:02 Scout Tower
13:04 Scout Tower
13:05 Scout Tower
13:06 Scout Tower
13:19 Scout Tower
13:25 Scout Tower
13:27 Scout Tower
13:29 Scout Tower
13:31 Scout Tower
14:08 Castle
14:09 Guard Tower
15:02 Scout Tower
15:03 Scout Tower
15:03 Scout Tower
15:04 Scout Tower
15:04 Scout Tower
15:05 Scout Tower
15:07 Scout Tower
15:08 Scout Tower
15:08 Scout Tower
15:28 Arcane Tower
15:30 Guard Tower
16:54 Arcane Tower
17:49 Arcane Tower
17:52 Guard Tower
20:45 Town Hall
20:49 Scout Tower
20:51 Scout Tower
21:01 Scout Tower
21:03 Scout Tower
21:17 Scout Tower
21:19 Guard Tower
21:26 Scout Tower
22:21 Guard Tower
22:50 Guard Tower
22:56 Arcane Tower
23:21 Arcane Tower
23:30 Scout Tower
23:31 Scout Tower
23:32 Scout Tower
23:33 Scout Tower
23:35 Scout Tower
23:37 Scout Tower
23:39 Scout Tower
23:40 Scout Tower
24:28 Guard Tower
24:45 Guard Tower
24:47 Guard Tower
26:58 Guard Tower
27:03 Scout Tower
27:04 Scout Tower
27:06 Scout Tower
27:07 Scout Tower
27:07 Scout Tower
27:08 Scout Tower
28:28 Guard Tower
30:55 Scout Tower
30:57 Scout Tower
30:58 Scout Tower
30:58 Scout Tower
32:16 Arcane Tower
32:18 Guard Tower
32:40 Scout Tower
32:40 Scout Tower
32:44 Scout Tower
32:45 Scout Tower
32:46 Scout Tower
32:47 Scout Tower
38:51 Scout Tower
38:52 Scout Tower
38:52 Scout Tower
38:53 Scout Tower
38:53 Scout Tower
38:56 Scout Tower
38:57 Scout Tower
38:57 Scout Tower
38:58 Scout Tower
38:58 Scout Tower
38:59 Scout Tower
39:01 Scout Tower
39:02 Scout Tower
39:03 Scout Tower
39:04 Scout Tower
39:04 Scout Tower
39:26 Guard Tower
39:44 Guard Tower
41:01 Guard Tower
41:03 Town Hall
44:59 Farm
45:00 Farm
45:01 Farm
45:01 Farm
45:05 Blacksmith
45:38 Workshop
45:39 Workshop
46:01 Workshop
» items
| Healing Salve | 1 | |
| Scroll of Speed | 1 | |
| Scroll of Town Portal | 1 | |
| Potion of Healing | 6 | |
| Staff of Sanctuary | 3 | |
| Orb of Lightning | 3 | |
| Lesser Clarity Potion | 3 | |
| Orb of Fire | 1 | |
19 total
team 2 (loser)
TOWERBEHINDGOLD (
pink | 63 APM | 2149 actions | 33:58)
3 Mountain King
2 Storm Bolt
1 Bash
1 Paladin
1 Holy Light
» actions
| Assign group hotkey | 36 | |
| Basic commands | 133 | |
| Build / train | 103 | |
| ESC pressed | 15 | |
| Enter build submenu | 73 | |
| Enter hero's abilities submenu | 4 | |
| Right click | 814 | |
| Select / deselect | 524 | |
| Select group hotkey | 324 | |
| Use ability | 123 | |
2149 total
» units
| Peasant | 32 | |
| Footman | 1 | |
| Mortar Team | 4 | |
| Knight | 4 | |
| Siege Engine | 6 | |
| Spell Breaker | 2 | |
| Dragonhawk Rider | 4 | |
53 total
» upgrades
| Masonry | 3 | |
| Gunpowder | 3 | |
| Lumber Harvesting | 2 | |
| Magic Sentry | 1 | |
| Animal War Training | 1 | |
| Swords | 3 | |
| Plating | 3 | |
| Fragmentation Shards | 1 | |
| Barrage | 1 | |
| Armor | 2 | |
| Cloud | 1 | |
21 total
» buildings
| Altar of Kings | 2 | |
| Farm | 13 | |
| Lumber Mill | 1 | |
| Scout Tower | 35 | |
| Guard Tower | 14 | |
| Arcane Tower | 1 | |
| Arcane Vault | 1 | |
| Barracks | 2 | |
| Town Hall | 2 | |
| Keep | 1 | |
| Blacksmith | 2 | |
| Arcane Sanctum | 3 | |
| Castle | 1 | |
| Workshop | 5 | |
| Gryphon Aviary | 3 | |
86 total
» build order
00:53 Altar of Kings
00:56 Farm
01:03 Farm
01:08 Lumber Mill
01:36 Altar of Kings
01:51 Scout Tower
02:03 Scout Tower
02:06 Scout Tower
02:26 Guard Tower
02:43 Farm
03:16 Guard Tower
03:30 Guard Tower
03:41 Scout Tower
03:47 Scout Tower
03:57 Scout Tower
04:20 Arcane Tower
04:41 Arcane Vault
04:55 Scout Tower
05:19 Scout Tower
05:22 Guard Tower
05:25 Farm
05:29 Barracks
05:44 Scout Tower
05:51 Farm
05:58 Guard Tower
06:35 Guard Tower
06:39 Town Hall
08:00 Keep
08:14 Blacksmith
08:31 Town Hall
08:34 Scout Tower
08:36 Scout Tower
08:37 Scout Tower
09:17 Guard Tower
09:47 Scout Tower
09:47 Scout Tower
09:48 Scout Tower
09:55 Guard Tower
10:22 Arcane Sanctum
10:27 Castle
10:30 Workshop
11:12 Workshop
11:46 Guard Tower
13:32 Blacksmith
13:56 Scout Tower
13:56 Scout Tower
13:58 Scout Tower
13:59 Scout Tower
14:24 Guard Tower
14:25 Scout Tower
14:26 Scout Tower
15:21 Guard Tower
16:32 Farm
16:55 Farm
16:56 Farm
17:09 Barracks
17:11 Farm
17:13 Farm
17:44 Guard Tower
20:22 Farm
21:13 Scout Tower
21:40 Workshop
21:42 Workshop
21:43 Workshop
22:35 Guard Tower
22:36 Farm
22:53 Farm
23:34 Scout Tower
24:02 Scout Tower
24:42 Scout Tower
24:43 Scout Tower
25:52 Scout Tower
27:35 Arcane Sanctum
31:42 Gryphon Aviary
31:46 Gryphon Aviary
31:49 Gryphon Aviary
32:45 Scout Tower
32:46 Scout Tower
32:52 Scout Tower
32:53 Scout Tower
» items
| Scroll of Regeneration | 2 | |
| Lesser Clarity Potion | 3 | |
| Scroll of Town Portal | 1 | |
6 total
TOWERBEHINDNIGZ (
red | 52 APM | 2869 actions | 54:59)
3 Blademaster
2 Wind Walk
1 Critical Strike
1 Shadow Hunter
1 Serpent Ward
» actions
| Assign group hotkey | 31 | |
| Basic commands | 56 | |
| Build / train | 118 | |
| ESC pressed | 3 | |
| Enter build submenu | 79 | |
| Enter hero's abilities submenu | 4 | |
| Give item / drop item | 6 | |
| Remove unit from queue | 2 | |
| Right click | 1465 | |
| Select / deselect | 695 | |
| Select group hotkey | 172 | |
| Use ability | 238 | |
2869 total
» units
| Peon | 16 | |
| Troll Batrider | 11 | |
| Tauren | 7 | |
| Shaman | 5 | |
| Troll Witch Doctor | 7 | |
| Spirit Walker | 3 | |
| Kodo Beast | 1 | |
50 total
» upgrades
| Ranged Weapons | 3 | |
| Liquid Fire | 1 | |
| Reinforced Defenses | 1 | |
| Pulverize | 1 | |
| Witch Doctor Training | 2 | |
| Shaman Training | 2 | |
| Spirit Walker Training | 2 | |
| Armor | 3 | |
| Melee Weapons | 3 | |
| War Drums Damage Increase | 1 | |
19 total
» buildings
| Altar of Storms | 1 | |
| Orc Burrow | 10 | |
| Voodoo Lounge | 1 | |
| Stronghold | 3 | |
| War Mill | 2 | |
| Beastiary | 3 | |
| Fortress | 1 | |
| Watch Tower | 50 | |
| Tauren Totem | 2 | |
| Spirit Lodge | 2 | |
75 total
» build order
00:04 Altar of Storms
00:22 Orc Burrow
00:37 Voodoo Lounge
02:21 Stronghold
02:22 Stronghold
02:37 Orc Burrow
03:20 War Mill
04:56 Beastiary
04:57 Beastiary
04:59 Beastiary
05:50 Orc Burrow
06:44 Fortress
07:17 Orc Burrow
07:44 Watch Tower
08:59 Watch Tower
09:05 Watch Tower
09:32 Watch Tower
10:10 Watch Tower
10:29 Orc Burrow
11:59 Watch Tower
12:00 Watch Tower
13:02 Orc Burrow
13:04 Watch Tower
14:22 Orc Burrow
15:16 Tauren Totem
15:18 Tauren Totem
15:57 Spirit Lodge
16:00 Spirit Lodge
17:16 War Mill
17:27 Orc Burrow
23:48 Orc Burrow
34:14 Watch Tower
34:17 Watch Tower
34:18 Watch Tower
34:24 Watch Tower
34:26 Watch Tower
34:27 Watch Tower
34:31 Watch Tower
34:32 Watch Tower
34:34 Watch Tower
34:36 Watch Tower
34:38 Watch Tower
34:40 Watch Tower
34:43 Watch Tower
34:45 Watch Tower
34:47 Watch Tower
34:48 Watch Tower
35:15 Watch Tower
35:16 Watch Tower
35:35 Watch Tower
35:38 Watch Tower
35:40 Watch Tower
35:42 Watch Tower
35:45 Watch Tower
35:53 Watch Tower
35:54 Watch Tower
35:57 Watch Tower
35:59 Watch Tower
36:01 Watch Tower
36:04 Watch Tower
36:06 Watch Tower
36:08 Watch Tower
36:10 Watch Tower
36:15 Watch Tower
36:18 Watch Tower
36:20 Watch Tower
36:22 Watch Tower
39:55 Watch Tower
39:57 Watch Tower
40:09 Watch Tower
40:14 Watch Tower
40:16 Watch Tower
40:19 Watch Tower
48:20 Orc Burrow
» items
| Healing Salve | 6 | |
| Lesser Clarity Potion | 9 | |
| Scroll of Speed | 5 | |
| Orb of Lightning | 1 | |
| Potion of Healing | 5 | |
| Potion of Mana | 2 | |
| Scroll of Town Portal | 2 | |
| Tiny Great Hall | 1 | |
31 total
TOWERBEHINDTREE (
teal | 77 APM | 4217 actions | 54:59)
5 Mountain King
3 Storm Bolt
2 Bash
3 Paladin
2 Holy Light
1 Divine Shield
» actions
| Assign group hotkey | 87 | |
| Basic commands | 74 | |
| Build / train | 287 | |
| ESC pressed | 6 | |
| Enter build submenu | 133 | |
| Enter hero's abilities submenu | 8 | |
| Give item / drop item | 10 | |
| Right click | 1635 | |
| Select / deselect | 1027 | |
| Select group hotkey | 586 | |
| Use ability | 364 | |
4217 total
» units
| Peasant | 49 | |
| Footman | 9 | |
| Dragonhawk Rider | 9 | |
| Flying Machine | 9 | |
76 total
» upgrades
| Masonry | 3 | |
| Magic Sentry | 1 | |
| Defend | 1 | |
| Lumber Harvesting | 2 | |
| Gunpowder | 3 | |
| Flak Cannons | 1 | |
| Swords | 3 | |
| Animal War Training | 1 | |
| Cloud | 1 | |
| Armor | 3 | |
19 total
» buildings
| Altar of Kings | 1 | |
| Barracks | 1 | |
| Farm | 11 | |
| Scout Tower | 167 | |
| Arcane Tower | 3 | |
| Town Hall | 3 | |
| Lumber Mill | 1 | |
| Guard Tower | 127 | |
| Keep | 3 | |
| Arcane Sanctum | 1 | |
| Castle | 2 | |
| Arcane Vault | 3 | |
| Gryphon Aviary | 5 | |
| Blacksmith | 1 | |
| Workshop | 3 | |
| Cannon Tower | 2 | |
334 total
» build order
00:20 Altar of Kings
00:34 Barracks
00:39 Farm
01:07 Farm
02:20 Farm
03:22 Scout Tower
04:23 Arcane Tower
04:35 Farm
05:23 Town Hall
05:27 Scout Tower
06:00 Lumber Mill
06:34 Scout Tower
07:04 Guard Tower
07:05 Scout Tower
07:06 Scout Tower
07:30 Scout Tower
07:32 Scout Tower
07:33 Keep
07:33 Keep
08:04 Guard Tower
08:04 Guard Tower
08:06 Guard Tower
08:06 Guard Tower
08:10 Scout Tower
08:11 Scout Tower
08:50 Guard Tower
08:50 Guard Tower
09:09 Guard Tower
09:23 Scout Tower
09:54 Guard Tower
09:54 Guard Tower
09:55 Scout Tower
10:00 Arcane Sanctum
10:20 Scout Tower
10:21 Scout Tower
10:25 Town Hall
10:26 Scout Tower
10:27 Scout Tower
10:55 Guard Tower
10:57 Scout Tower
11:03 Scout Tower
11:04 Scout Tower
11:38 Guard Tower
11:38 Guard Tower
11:38 Guard Tower
11:41 Scout Tower
12:10 Guard Tower
12:10 Guard Tower
12:44 Farm
12:46 Farm
12:47 Farm
13:23 Castle
14:36 Arcane Vault
15:03 Gryphon Aviary
15:04 Gryphon Aviary
16:04 Blacksmith
16:11 Arcane Vault
16:16 Scout Tower
16:17 Scout Tower
16:17 Scout Tower
16:18 Scout Tower
16:18 Scout Tower
16:19 Scout Tower
16:19 Scout Tower
16:21 Scout Tower
16:22 Scout Tower
16:22 Scout Tower
16:23 Scout Tower
16:23 Scout Tower
16:24 Scout Tower
16:24 Scout Tower
17:00 Arcane Vault
17:02 Workshop
17:04 Workshop
17:05 Workshop
17:23 Arcane Tower
17:23 Arcane Tower
17:23 Guard Tower
17:59 Guard Tower
17:59 Guard Tower
18:00 Guard Tower
18:08 Scout Tower
18:10 Scout Tower
18:13 Scout Tower
18:14 Scout Tower
18:19 Scout Tower
18:20 Scout Tower
19:40 Guard Tower
19:41 Guard Tower
20:15 Gryphon Aviary
20:17 Gryphon Aviary
20:19 Gryphon Aviary
22:45 Farm
23:26 Farm
23:37 Farm
23:38 Farm
23:44 Scout Tower
23:46 Scout Tower
28:25 Scout Tower
28:26 Scout Tower
28:28 Scout Tower
28:29 Scout Tower
28:30 Scout Tower
28:58 Guard Tower
28:59 Guard Tower
29:00 Scout Tower
29:01 Scout Tower
29:04 Scout Tower
29:05 Scout Tower
29:10 Guard Tower
29:15 Guard Tower
29:15 Guard Tower
29:15 Guard Tower
29:16 Guard Tower
29:16 Guard Tower
29:29 Guard Tower
29:31 Guard Tower
29:32 Guard Tower
29:50 Town Hall
30:08 Guard Tower
33:37 Scout Tower
33:41 Scout Tower
34:16 Guard Tower
34:20 Scout Tower
34:21 Scout Tower
34:23 Scout Tower
34:24 Scout Tower
34:26 Scout Tower
34:29 Scout Tower
34:35 Scout Tower
34:36 Scout Tower
34:39 Scout Tower
34:40 Scout Tower
34:48 Guard Tower
34:49 Scout Tower
34:50 Scout Tower
34:50 Guard Tower
34:51 Guard Tower
34:51 Scout Tower
34:54 Scout Tower
34:54 Guard Tower
34:55 Guard Tower
34:55 Guard Tower
34:57 Scout Tower
34:58 Guard Tower
34:58 Guard Tower
35:00 Scout Tower
35:02 Scout Tower
35:10 Scout Tower
35:11 Scout Tower
35:12 Scout Tower
35:13 Scout Tower
35:14 Scout Tower
35:15 Scout Tower
35:16 Scout Tower
35:17 Scout Tower
35:18 Scout Tower
35:19 Scout Tower
35:19 Scout Tower
35:19 Scout Tower
35:20 Scout Tower
35:20 Scout Tower
35:23 Scout Tower
35:23 Scout Tower
35:24 Scout Tower
35:24 Scout Tower
35:25 Scout Tower
35:25 Scout Tower
35:28 Scout Tower
35:29 Scout Tower
35:29 Scout Tower
35:29 Scout Tower
35:30 Scout Tower
35:31 Scout Tower
35:31 Scout Tower
35:31 Scout Tower
35:32 Scout Tower
35:32 Scout Tower
35:35 Scout Tower
35:36 Scout Tower
35:36 Scout Tower
35:37 Scout Tower
35:37 Scout Tower
35:38 Scout Tower
35:38 Scout Tower
35:39 Scout Tower
35:40 Scout Tower
35:43 Scout Tower
35:46 Scout Tower
35:46 Scout Tower
35:47 Scout Tower
35:47 Scout Tower
35:48 Scout Tower
35:48 Scout Tower
35:49 Scout Tower
35:52 Scout Tower
35:52 Scout Tower
35:53 Scout Tower
35:53 Scout Tower
35:53 Scout Tower
35:53 Scout Tower
35:54 Scout Tower
35:54 Scout Tower
35:57 Scout Tower
35:57 Scout Tower
35:57 Scout Tower
35:57 Scout Tower
35:58 Scout Tower
35:58 Scout Tower
35:59 Scout Tower
35:59 Scout Tower
36:00 Scout Tower
36:00 Scout Tower
36:02 Scout Tower
36:03 Scout Tower
36:03 Scout Tower
36:03 Scout Tower
36:04 Scout Tower
36:04 Scout Tower
36:04 Scout Tower
36:06 Scout Tower
36:07 Scout Tower
36:07 Scout Tower
36:07 Scout Tower
36:08 Scout Tower
36:08 Scout Tower
36:09 Scout Tower
36:11 Scout Tower
36:11 Scout Tower
36:12 Scout Tower
36:12 Scout Tower
36:13 Scout Tower
36:40 Guard Tower
36:40 Guard Tower
36:40 Guard Tower
36:46 Guard Tower
36:46 Guard Tower
36:46 Guard Tower
36:49 Scout Tower
36:52 Scout Tower
36:53 Scout Tower
36:53 Scout Tower
36:57 Guard Tower
36:57 Guard Tower
36:58 Scout Tower
36:59 Scout Tower
36:59 Scout Tower
37:01 Scout Tower
37:01 Scout Tower
37:02 Scout Tower
37:02 Scout Tower
37:04 Scout Tower
37:14 Guard Tower
37:15 Guard Tower
37:15 Guard Tower
37:30 Guard Tower
37:30 Guard Tower
37:53 Guard Tower
37:53 Guard Tower
37:57 Guard Tower
37:58 Guard Tower
37:58 Guard Tower
37:59 Scout Tower
38:00 Scout Tower
38:18 Guard Tower
38:18 Guard Tower
38:31 Guard Tower
38:32 Guard Tower
38:32 Guard Tower
38:51 Guard Tower
38:51 Guard Tower
38:52 Guard Tower
39:06 Guard Tower
39:06 Guard Tower
39:06 Guard Tower
39:15 Guard Tower
39:15 Guard Tower
39:15 Guard Tower
39:17 Guard Tower
39:17 Guard Tower
39:18 Guard Tower
39:55 Guard Tower
39:55 Guard Tower
40:01 Guard Tower
40:01 Guard Tower
40:01 Guard Tower
40:32 Guard Tower
40:32 Guard Tower
40:54 Guard Tower
40:54 Guard Tower
40:55 Guard Tower
41:32 Guard Tower
41:32 Guard Tower
41:32 Guard Tower
45:05 Guard Tower
45:06 Guard Tower
45:13 Cannon Tower
» items
| Lesser Clarity Potion | 6 | |
| Potion of Mana | 4 | |
| Orb of Lightning | 1 | |
| Scroll of Town Portal | 5 | |
| Potion of Healing | 5 | |
| Healing Salve | 1 | |
| Scroll of Regeneration | 1 | |
| Ivory Tower | 4 | |
27 total
Chat log
(00:06 / All) kunt.roII: whats a goon
(00:09 / All) FedEx: ???
(00:11 / All) TOWERBEHINDTREE: WE
(00:11 / All) TOWERBEHINDTREE: ARE
(00:13 / All) TOWERBEHINDTREE: GONNA
(00:15 / All) TOWERBEHINDTREE: FUCK U GUYS UP
(00:15 / All) TOWERBEHINDGOLD: SHUT
(00:16 / All) TOWERBEHINDGOLD: THE
(00:17 / All) TOWERBEHINDGOLD: FUCK
(00:18 / All) TOWERBEHINDGOLD: UP
(00:18 / All) TOWERBEHINDGOLD: fED
(00:19 / All) TOWERBEHINDGOLD: FUCK
(00:23 / All) kunt.roII: ?
(00:26 / All) TOWERBEHINDGOLD: SHUT
(00:27 / All) TOWERBEHINDGOLD: THE
(00:27 / All) TOWERBEHINDTREE: LOL
(00:27 / All) MrFrosty: i went to join HORSE RACING
(00:27 / All) TOWERBEHINDGOLD: FUCK
(00:28 / All) TOWERBEHINDGOLD: UP
(00:30 / All) TOWERBEHINDTREE: UR NAME IS SO FUCKEN DUMB
(00:32 / All) MrFrosty: and i got put in this game?
(00:45 / All) TOWERBEHINDTREE: DID U JUST SAY
(00:46 / All) TOWERBEHINDTREE: I AMA NEWB
(00:49 / All) TOWERBEHINDTREE: AND I AM ABOUT TO GET PWNED?
(00:50 / All) TOWERBEHINDGOLD: LOL
(00:58 / All) TOWERBEHINDTREE: YES
(01:01 / All) TOWERBEHINDTREE: FUCKEN BITCH
(02:06 / All) kunt.roII: are u guys new players
(02:11 / All) TOWERBEHINDGOLD: YOU ARE A FAG
(02:12 / All) TOWERBEHINDGOLD: .
(02:13 / All) TOWERBEHINDTREE: WE ARE PROLEAGUE
(02:14 / All) TOWERBEHINDTREE: UF UCKEN IDIOT
(02:40 / All) MrFrosty: yo keep militia creeping
(02:53 / All) MrFrosty: nice surround
(02:57 / All) MrFrosty: real good
(03:13 / Allies) kunt.roII: lagging real bad
(04:17 / All) TOWERBEHINDGOLD: d
(04:18 / All) TOWERBEHINDNIGZ: D
(04:18 / All) TOWERBEHINDTREE: D
(04:20 / All) kunt.roII: D
(04:21 / All) kunt.roII: D
(04:21 / All) kunt.roII: D
(04:22 / All) kunt.roII: D
(13:08 / All) kunt.roII: thanks for the items
(13:15 / All) TOWERBEHINDGOLD: LOL
(13:19 / All) TOWERBEHINDGOLD: HE THINKS HE'S GOOD
(13:24 / All) kunt.roII: ^^
(13:26 / All) TOWERBEHINDTREE: AHHAHA
(13:33 / All) FedEx: lol?
(14:38 / All) kunt.roII: nice attack
(14:47 / All) MrFrosty: lol,
(14:49 / All) MrFrosty: he thinks hes good
(14:59 / All) TOWERBEHINDGOLD: LOL IT'S CALLED WARMUP DUMB SHIT
(19:13 / All) kunt.roII: im sure u dont want this knight
(26:39 / All) kunt.roII: nice attack
(27:37 / All) kunt.roII: go back to east thanks
(29:54 / All) kunt.roII: you guys should watch this replay
(29:59 / All) kunt.roII: and learn how to tower correctly
(30:41 / All) MrFrosty: impressive attack
(33:58 / All) kunt.roII: 2ez
(34:00 / All) MrFrosty: thanks for getting out
(34:05 / All) kunt.roII: lol.
(35:25 / All) MrFrosty: another warm up?
(35:30 / All) kunt.roII: u guys afk yet>
(36:33 / All) MrFrosty: towers are hard to kill
(36:48 / All) MrFrosty: yo, why have you stopped talking?
(36:52 / All) kunt.roII: they afk
(36:55 / All) kunt.roII: thinkin to troll us
(37:13 / All) MrFrosty: nope, seems they're just awful
(43:23 / All) MrFrosty: a
(43:24 / All) MrFrosty: kodo
(45:48 / All) kunt.roII: lololol
(46:26 / All) MrFrosty: i have 25k because im not a great big noob who loses 100 food armies every 5 minutes
(46:51 / All) MrFrosty: ps. you actually thought you were going to win this game
(46:52 / All) MrFrosty: ahahahah
(46:57 / All) kunt.roII: :)
(47:09 / All) MrFrosty: try hard with those towers
(47:12 / All) MrFrosty: maybe you cans till win
(49:22 / All) kunt.roII: hahahhah
(49:24 / All) kunt.roII: noob ally
(51:45 / All) MrFrosty: sorry noob
(51:51 / All) MrFrosty: better luck next time
(53:54 / All) kunt.roII: @ez
(53:55 / All) MrFrosty: 2 e z noobs
(53:56 / All) kunt.roII: 2ez~!
(54:56 / All) MrFrosty: 2 ez noobs